 Dungeon Crawl Stone Soup version 0.29-a0-88-g03a7b78be7 (webtiles) character file.

Game seed: 12358541807049668546

39 Sweetruy1997 the Covered (level 3, 0/23 HPs)
             Began as a Gargoyle Fighter on Feb 5, 2022.
             Frozen to death by an endoplasm (3 damage)
             ... on level 2 of the Dungeon.
             The game lasted 00:02:29 (2073 turns).

Sweetruy1997 the Covered (Gargoyle Fighter)         Turns: 2073, Time: 00:02:29

Health: 0/23       AC: 10    Str: 19    XL:     3   Next: 45%
Magic:  3/3        EV:  9    Int:  8    God:
Gold:   75         SH:  4    Dex: 11    Spells: 2/2 levels left

rFire   . . .      SeeInvis .   a - +0 flail
rCold   . . .      Faith    .   c - +0 buckler
rNeg    + . .      Spirit   .   b - +0 scale mail
rPois   ∞          Reflect  .   (no helmet)
rElec   +          Harm     .   (no cloak)
rCorr   .          Rampage  .   (no gloves)
Will    .....                   (no boots)
Stlth   ..........              (no amulet)
HPRegen 0.07/turn               (no ring)
MPRegen 0.08/turn               (no ring)

@: no status effects
A: sickness immunity, AC +3, negative energy resistance 1, electricity
resistance, torment resistance 1, petrification resistance
a: no special abilities


You were on level 2 of the Dungeon.
You visited 1 branch of the dungeon, and saw 2 of its levels.

You collected 75 gold pieces.

Inventory:

Hand Weapons
 a - a +0 flail (weapon)
Missiles
 m - 6 javelins (quivered)
Armour
 b - a +0 scale mail (worn)
 c - a +0 buckler (worn)
Jewellery
 i - a ring of wizardry
 o - an amulet of magic regeneration
Scrolls
 e - 2 scrolls of blinking {unknown}
 f - 2 scrolls of enchant armour {unknown}
 g - a scroll of identify {unknown}
 j - a scroll of amnesia {unknown}
 n - a scroll of noise {unknown}
 p - 2 scrolls of immolation {unknown}
Potions
 d - 2 potions of might
 h - a potion of haste {unknown}
 k - a potion of lignification {unknown}
 l - a potion of curing {unknown}


   Skills:
 + Level 3.4 Fighting
 + Level 2.5 Maces & Flails
 + Level 4.0 Armour
 + Level 0.1 Dodging
 + Level 3.5 Shields


You had 2 spell levels left.
You didn't know any spells.
Your spell library contained the following spells:

 Spells                   Type           Power      Damage    Failure   Level
 Blink                    Tloc           0%         N/A       94%         2
 Lesser Beckoning         Tloc           0%         N/A       99%         3
 Manifold Assault         Tloc           0%         N/A       100%        5


Dungeon Overview and Level Annotations

Branches:
Dungeon (2/15)

Altars:

Shops:
D:2 (


Innate Abilities, Weirdness & Mutations

You are immune to sickness and miasma.
Your stone body is resilient. (AC +3)
You are immune to poison.
You resist negative energy. (rN+)
You are resistant to electric shocks. (rElec)
You are resistant to unholy torment.
You are immune to petrification.


Message History

You hit the bush but do no damage.
The bush is lightly damaged.
The endoplasm barely misses you.
You hit the bush.
The bush is lightly damaged.
The endoplasm freezes you.
You are frozen.
The endoplasm freezes you.
You are frozen.
You hit the bush.
The bush is moderately damaged.
The endoplasm hits you but does no damage.
You hit the bush.
The bush is moderately damaged.
The endoplasm hits you but does no damage.
You hit the bush but do no damage.
The bush is moderately damaged.
The endoplasm freezes you.
You are frozen.
The endoplasm hits you but does no damage.
You thump the bush!
The bush is moderately damaged.
The endoplasm freezes you.
You are frozen.
You hit the bush but do no damage.
The bush is moderately damaged.
The endoplasm barely misses you.
You hit the bush.
The bush is moderately damaged.
The endoplasm closely misses you. The endoplasm barely misses you.
You hit the bush but do no damage.
The bush is moderately damaged.
The endoplasm freezes you.
You are frozen.
* * * LOW HITPOINT WARNING * * *
You hit the bush but do no damage.
The bush is moderately damaged.
The endoplasm freezes you.
You are frozen.
You die...

#.........# #
+.........+ + +
#.........# # ..
#.........# # ...
#.........# #
....##.........#####
#


.....P.PPPPPPPPPPP# # #.PJ.†..P.....P# # #.P@PPP.P.P.PPP# # #.P...P...P(..P# #
#.PPPPP.PPP.P.P# # #.P.....P...P.P# # #.PPPPP.PPPPP.P## # # ..........P..[####
.PPP.P.PPP.P.P..... ..P.P...P.P##### PP.PPPPPPPPP # You could see an endoplasm.

Vanquished Creatures
  An adder (D:2)
  A ball python (D:1)
  8 bats
  3 endoplasms
  3 goblins
  A hobgoblin (D:1)
  3 jackals (D:1)
  2 quokkas (D:1)
  3 kobolds
  2 rats (D:2)
27 creatures vanquished.

Notes
Turn   | Place    | Note
-------+----------+-------------------------------------------
     0 | D:1      | Sweetruy1997 the Gargoyle Fighter began the quest for the
                  | Orb.
     0 | D:1      | Reached XP level 1. HP: 14/14 MP: 1/1
   580 | D:1      | Reached XP level 2. HP: 19/19 MP: 2/2
   893 | D:1      | Found a faded altar of an unknown god.
  1514 | D:2      | Reached XP level 3. HP: 6/23 MP: 3/3
  1800 | D:2      | Reached skill level 4 in Armour
  1890 | D:2      | Found Solaud's Weapon Shoppe.
  2073 | D:2      | Frozen to death by an endoplasm

Illustrated notes

Levels and vault maps discovered:
D:1:      lemuel_arrival_muddy, layout_basic, chequers_ecumenical_altar_simple
D:2:      layout_basic, serial_shops, shop, minmay_hedge_maze

Skill      XL: |  1  2  3 |
---------------+----------+-----
Armour         | 4 |  4.0
Fighting       | |  3.4
Maces & Flails | |  2.5
Dodging        | |  0.1
Shields        | |  3.5

Action                   || total
-------------------------++-------
Melee: Flail             ||   111
Throw: Javelin           ||     4
Armor: Scale mail        ||    69
Dodge: Dodged            ||    59
Block: Buckler           ||    19

Table legend: (Time is in decaauts)
 A = Elapsed time spent in this place.
 B = Non-inter-level travel time spent in this place.
 C = Inter-level travel time spent in this place.
 D = Time resting spent in this place.
 E = Time spent auto-exploring this place.
 F = Levels seen in this place.
 G = Mean time per level.
                   A        B        C        D        E       F      G
               +--------+--------+--------+--------+--------+-----+--------+
         Total |   2112 |   2078 |     34 |    225 |   1589 |   2 | 1056.0 |
       Dungeon |   2112 |   2078 |     34 |    225 |   1589 |   2 | 1056.0 |
               +--------+--------+--------+--------+--------+-----+--------+

Top non-repeatable levels by time:
     D:1: 1481 daAuts
     D:2: 631 daAuts
